APP
DANVILLE BRAVES @ BRISTOL PIRATES
08/22/2044
 
TOP OF THE 1ST
Danville Braves batting - Pitching for Bristol Pirates : RHP Joe Simanton
Pitching: RHP Joe Simanton
Batting: LHB Erik Gretzky 0-0: SINGLE (Groundball, 34D, EV 103.1 MPH)
Batting: LHB Oke Monti 0-0: Foul Ball, location: 2F
0-1: Foul Ball, location: 2F
0-2: Ball
1-2: Foul Ball, location: 2F
1-2: Foul Ball, location: 2F
1-2: Foul Ball, location: 2F
1-2: Ball
2-2: Ball
3-2: Foul Ball, location: 2F
3-2: Grounds into double play, 4-6-3 (Groundball, 4, EV 76.9 MPH)
Batting: RHB Hisayuki Akiyama 0-0: Ball
1-0: Called Strike
1-1: Ball
2-1: Ball
3-1: Foul Ball, location: 2F
3-2: Base on Balls
Batting: LHB Alexis Cantu 0-0: Called Strike
0-1: Ball
Hisayuki Akiyama steals 2nd base
1-1: Ball
2-1: SINGLE (Flyball, 8LS, EV 98.1 MPH)
Hisayuki Akiyama to third
Runner from 3rd tries for Home, SAFE, throw by CF to home
Batting: RHB Zach Hulme 0-0: Called Strike
0-1: Ball
1-1: 2-RUN HOME RUN (Flyball, 78XD, EV 103.1 MPH), Distance : 404 ft
Batting: SHB Jordan Barragan 0-0: Ball
1-0: Ball
2-0: Ball
3-0: Base on Balls
Batting: RHB Armando Moz 0-0: Ball
Jordan Barragan steals 2nd base
1-0: Fly out, F7 (Flyball, 7, EV 94.4 MPH)
Top of the 1st over - 3 runs, 3 hits, 0 errors, 1 left on base; Danville 3 - Bristol 0
BOTTOM OF THE 1ST
Bristol Pirates batting - Pitching for Danville Braves : RHP Ruben Arana
Pitching: RHP Ruben Arana
Batting: RHB Perry Dominey 0-0: SINGLE (Line Drive, 6MD, EV 104.4 MPH)
Batting: RHB Randy Bergman 0-0: Ball
1-0: Ball
2-0: Swinging Strike
2-1: Called Strike
2-2: Strikes out looking
Batting: LHB Randy Boone 0-0: SINGLE (Groundball, 5S, EV 67.5 MPH) (infield hit)
Perry Dominey to second
Batting: RHB Etsuro Hosokawa 0-0: Called Strike
0-1: Ball
1-1: Ball
2-1: Foul Ball, location: 2F
2-2: Foul Ball, location: 2F
2-2: Strikes out looking
Batting: LHB Ruben Garza 0-0: Ball
1-0: SINGLE (Flyball, 6D, EV 97.5 MPH)
Perry Dominey to third
Randy Boone to second
Runner from 3rd tries for Home, SAFE, throw by CF to home
Batting: LHB Joe Wise 0-0: Foul Ball, location: 2F
0-1: Foul Ball, location: 2F
0-2: Ball
1-2: Strikes out swinging
Bottom of the 1st over - 1 run, 3 hits, 0 errors, 2 left on base; Danville 3 - Bristol 1
TOP OF THE 2ND
Danville Braves batting - Pitching for Bristol Pirates : RHP Joe Simanton
Batting: SHB Ian Arlotta 0-0: Swinging Strike
0-1: Foul Ball, location: 2F
0-2: Ground out 4-3 (Groundball, 4, EV 89.4 MPH)
Batting: RHB Adonis Jenifer 0-0: Ball
1-0: Ball
2-0: Fly out, F4 (Flyball, 34D, EV 90.0 MPH)
Batting: LHB Erik Gretzky 0-0: Ball
1-0: Foul Ball, location: 2F
1-1: Reached via error on a dropped throw from 2B, E3 (Groundball, 34D, EV 100.0 MPH)
Batting: LHB Oke Monti 0-0: Called Strike
0-1: Foul Ball, location: 2F
0-2: Ball
1-2: Ball
2-2: Ground out U3 (Groundball, 34, EV 91.3 MPH)
Top of the 2nd over - 0 runs, 0 hits, 1 error, 1 left on base; Danville 3 - Bristol 1
BOTTOM OF THE 2ND
Bristol Pirates batting - Pitching for Danville Braves : RHP Ruben Arana
Batting: RHB Pete Hutton 0-0: Ground out 6-3 (Groundball, 6, EV 83.8 MPH)
Batting: RHB Andrew DeRicco 0-0: Foul Ball, location: 2F
0-1: Foul Ball, location: 2F
0-2: SINGLE (Groundball, 6MD, EV 98.1 MPH)
Batting: RHB Gilberto Victoria 0-0: SINGLE (Groundball, 56D, EV 95.0 MPH)
Andrew DeRicco to second
Batting: RHB Perry Dominey 0-0: Ball
1-0: Fly out, F2 (Popup, 3SF, EV 81.9 MPH)
Batting: RHB Randy Bergman 0-0: Ball
1-0: Fielders Choice at 2nd, 4-6 (Groundball, 6M, EV 85.0 MPH)
Bottom of the 2nd over - 0 runs, 2 hits, 0 errors, 2 left on base; Danville 3 - Bristol 1
TOP OF THE 3RD
Danville Braves batting - Pitching for Bristol Pirates : RHP Joe Simanton
Batting: RHB Hisayuki Akiyama 0-0: Foul Ball, location: 2F
0-1: Ball
1-1: Ball
2-1: Fly out, F3 (Line Drive, 3, EV 67.5 MPH)
Batting: LHB Alexis Cantu 0-0: Called Strike
0-1: Ball
1-1: Ball
2-1: Ball
3-1: SINGLE (Flyball, 89S, EV 101.3 MPH)
Batting: RHB Zach Hulme 0-0: Ball
1-0: Called Strike
Alexis Cantu steals 2nd, throwing error, E2
Alexis Cantu to third
1-1: SINGLE (Flyball, 34D, EV 85.0 MPH)
Alexis Cantu scores
Batting: SHB Jordan Barragan 0-0: Ball
1-0: Ball
2-0: Called Strike
2-1: Fly out, F9 (Flyball, 9, EV 85.6 MPH)
Batting: RHB Armando Moz 0-0: Ball
1-0: Called Strike
1-1: DOUBLE (Groundball, 5L, EV 100.6 MPH)
Zach Hulme to third
Runner from 3rd tries for Home, SAFE, throw by LF to home
Batting: SHB Ian Arlotta 0-0: DOUBLE (Line Drive, 7LM, EV 105.6 MPH)
Armando Moz scores
Pitching: LHP Norm Silveira-Wray
Batting: RHB Adonis Jenifer 0-0: Ball
1-0: Ball
2-0: Foul Ball, location: 2F
2-1: Ball
3-1: Foul Ball, location: 2F
3-2: Strikes out swinging
Top of the 3rd over - 3 runs, 4 hits, 1 error, 1 left on base; Danville 6 - Bristol 1
BOTTOM OF THE 3RD
Bristol Pirates batting - Pitching for Danville Braves : RHP Ruben Arana
Batting: LHB Randy Boone 0-0: Ball
1-0: Ground out 3-1 (Groundball, 34S, EV 69.4 MPH)
Batting: RHB Etsuro Hosokawa 0-0: Ball
1-0: Ball
2-0: Ball
3-0: Called Strike
3-1: Foul Ball, location: 2F
3-2: Foul Ball, location: 2F
3-2: Strikes out swinging
Batting: LHB Ruben Garza 0-0: Called Strike
0-1: Swinging Strike
0-2: Strikes out looking
Bottom of the 3rd over - 0 runs, 0 hits, 0 errors, 0 left on base; Danville 6 - Bristol 1
TOP OF THE 4TH
Danville Braves batting - Pitching for Bristol Pirates : LHP Norm Silveira-Wray
Batting: LHB Erik Gretzky 0-0: Called Strike
0-1: Swinging Strike
0-2: Ball
1-2: Strikes out looking
Batting: LHB Oke Monti 0-0: Ball
1-0: Foul Ball, location: 2F
1-1: Called Strike
1-2: SINGLE (Groundball, 34D, EV 101.3 MPH)
Batting: RHB Hisayuki Akiyama 0-0: Ball
1-0: Fly out, F7 (Flyball, 7S, EV 85.6 MPH)
Batting: LHB Alexis Cantu 0-0: Ball
1-0: Ball
2-0: Ball
3-0: Called Strike
3-1: Base on Balls
Oke Monti to second
Batting: RHB Zach Hulme 0-0: Ball
1-0: Ball
2-0: Ball
3-0: Base on Balls
Oke Monti to third
Alexis Cantu to second
Batting: SHB Jordan Barragan 0-0: Ball
1-0: Ball
2-0: Ball
3-0: Base on Balls
Oke Monti scores
Alexis Cantu to third
Zach Hulme to second
Batting: RHB Armando Moz 0-0: Ball
1-0: Ball
2-0: Fly out, F7 (Flyball, 78M, EV 81.9 MPH)
Top of the 4th over - 1 run, 1 hit, 0 errors, 3 left on base; Danville 7 - Bristol 1
BOTTOM OF THE 4TH
Bristol Pirates batting - Pitching for Danville Braves : RHP Ruben Arana
Batting: LHB Joe Wise 0-0: Ball
1-0: Foul Ball, location: 2F
1-1: Foul Ball, location: 2F
1-2: Strikes out swinging
Batting: RHB Pete Hutton 0-0: Ball
1-0: Ball
2-0: Swinging Strike
2-1: Ground out U3 (Groundball, 34S, EV 88.1 MPH)
Batting: RHB Andrew DeRicco 0-0: Ball
1-0: Ground out 6-3 (Groundball, 6, EV 90.0 MPH)
Bottom of the 4th over - 0 runs, 0 hits, 0 errors, 0 left on base; Danville 7 - Bristol 1
TOP OF THE 5TH
Danville Braves batting - Pitching for Bristol Pirates : LHP Norm Silveira-Wray
Pitching: RHP Doug Rawson
Batting: SHB Ian Arlotta 0-0: Called Strike
0-1: Fly out, F5 (Popup, 5S, EV 75.6 MPH)
Batting: RHB Adonis Jenifer 0-0: Ball
1-0: SINGLE (Groundball, 56D, EV 95.0 MPH)
Batting: LHB Erik Gretzky 0-0: Ball
1-0: Ball
2-0: Foul Ball, location: 2F
2-1: Ball
3-1: Foul Ball, location: 2F
3-2: Foul Ball, location: 2F
3-2: Strikes out looking
Batting: LHB Oke Monti 0-0: Ball
1-0: Foul Ball, location: 2F
1-1: Ball
2-1: Foul Ball, location: 2F
2-2: SINGLE (Groundball, 34D, EV 103.1 MPH)
Adonis Jenifer to second
Runner from 2nd tries for 3rd, SAFE, throw by RF made to third
Batting: RHB Hisayuki Akiyama 0-0: Ball
1-0: Called Strike
1-1: Ball
2-1: Foul Ball, location: 2F
2-2: Ball
3-2: Base on Balls
Oke Monti to second
Batting: LHB Alexis Cantu 0-0: Ball
1-0: Ball
2-0: Foul Ball, location: 2F
2-1: Called Strike
2-2: Foul Ball, location: 2F
2-2: Strikes out swinging
Top of the 5th over - 0 runs, 2 hits, 0 errors, 3 left on base; Danville 7 - Bristol 1
BOTTOM OF THE 5TH
Bristol Pirates batting - Pitching for Danville Braves : RHP Ruben Arana
Batting: RHB Gilberto Victoria 0-0: Ball
1-0: Foul Ball, location: 2F
1-1: Swinging Strike
1-2: Foul Ball, location: 2F
1-2: Ball
2-2: Ball
3-2: Foul Ball, location: 2F
3-2: Strikes out swinging
Batting: RHB Perry Dominey 0-0: Called Strike
0-1: Foul Ball, location: 2F
0-2: Ball
1-2: Ball
2-2: Ball
3-2: Ground out 6-3 (Groundball, 6S, EV 72.5 MPH)
Batting: RHB Randy Bergman 0-0: Ball
1-0: Ball
2-0: Swinging Strike
2-1: Swinging Strike
2-2: Ground out 1-3 (Groundball, 34S, EV 72.5 MPH)
Bottom of the 5th over - 0 runs, 0 hits, 0 errors, 0 left on base; Danville 7 - Bristol 1
TOP OF THE 6TH
Danville Braves batting - Pitching for Bristol Pirates : RHP Doug Rawson
Pitching: RHP Ian Ferrara
Batting: RHB Zach Hulme 0-0: Ball
1-0: SOLO HOME RUN (Line Drive, 78XD, EV 110.6 MPH), Distance : 434 ft
Batting: SHB Jordan Barragan 0-0: Ball
1-0: Fly out, F7 (Line Drive, 7, EV 88.8 MPH)
Batting: RHB Armando Moz 0-0: SINGLE (Groundball, 56D, EV 106.9 MPH)
Batting: SHB Ian Arlotta 0-0: Ball
1-0: Ball
2-0: Ball
3-0: Called Strike
3-1: Base on Balls
Armando Moz to second
Batting: RHB Adonis Jenifer 0-0: Ball
1-0: Called Strike
1-1: Ball
2-1: Foul Ball, location: 2F
2-2: Hit by Pitch
Armando Moz to third
Ian Arlotta to second
Batting: LHB Erik Gretzky 0-0: Ball
1-0: Foul Ball, location: 2F
1-1: Foul Ball, location: 2F
1-2: Ball
2-2: Ball
3-2: Fly out, F9 (Flyball, 9LM, EV 103.1 MPH)
Runner from 3rd tags up, OUT at HOME! 9-2
Top of the 6th over - 1 run, 2 hits, 0 errors, 2 left on base; Danville 8 - Bristol 1
BOTTOM OF THE 6TH
Bristol Pirates batting - Pitching for Danville Braves : RHP Ruben Arana
Batting: LHB Randy Boone 0-0: Foul Ball, location: 2F
0-1: Ball
1-1: SINGLE (Line Drive, 89S, EV 96.9 MPH)
Batting: RHB Etsuro Hosokawa 0-0: Ball
1-0: Ball
2-0: SINGLE (Flyball, 3D, EV 86.9 MPH)
Randy Boone to second
Batting: LHB Ruben Garza 0-0: Called Strike
0-1: Foul Ball, location: 2F
0-2: Ball
1-2: Ball
2-2: Ball
3-2: Base on Balls
Randy Boone to third
Etsuro Hosokawa to second
Batting: LHB Joe Wise 0-0: Fielders Choice at 2nd, 3-6 (Groundball, 3, EV 99.4 MPH)
Randy Boone scores
Etsuro Hosokawa to third
Batting: RHB Pete Hutton 0-0: Ball
1-0: Fly out, F8 (Flyball, 89D, EV 89.4 MPH)
Runner from 3rd tags up, SCORES, throw by CF
Batting: RHB Andrew DeRicco 0-0: Ball
1-0: Foul Ball, location: 2F
1-1: Ball
2-1: Swinging Strike
2-2: Ball
3-2: Foul Ball, location: 2F
3-2: Base on Balls
Joe Wise to second
Batting: RHB Gilberto Victoria 0-0: Swinging Strike
0-1: Swinging Strike
0-2: Strikes out looking
Bottom of the 6th over - 2 runs, 2 hits, 0 errors, 2 left on base; Danville 8 - Bristol 3
TOP OF THE 7TH
Danville Braves batting - Pitching for Bristol Pirates : RHP Ian Ferrara
Batting: LHB Oke Monti 0-0: Ground out 3-1 (Groundball, 34S, EV 90.6 MPH)
Batting: RHB Hisayuki Akiyama 0-0: Ball
1-0: Ball
2-0: Ball
3-0: Called Strike
3-1: Called Strike
3-2: Fly out, F8 (Flyball, 8RXD, EV 93.1 MPH)
Pitching: RHP Hugo Rodriguez
Batting: LHB Alexis Cantu 0-0: Ball
1-0: Ball
2-0: Ball
3-0: Called Strike
3-1: Ground out U3 (Groundball, 3L, EV 81.3 MPH)
Top of the 7th over - 0 runs, 0 hits, 0 errors, 0 left on base; Danville 8 - Bristol 3
BOTTOM OF THE 7TH
Bristol Pirates batting - Pitching for Danville Braves : RHP Ruben Arana
Batting: RHB Perry Dominey 0-0: Ball
1-0: Ball
2-0: Foul Ball, location: 2F
2-1: Fly out, F8 (Flyball, 8LS, EV 84.4 MPH)
Batting: RHB Randy Bergman 0-0: Called Strike
0-1: Ball
1-1: Foul Ball, location: 2F
1-2: Fly out, F9 (Line Drive, 89M, EV 92.5 MPH)
Batting: LHB Randy Boone 0-0: Called Strike
0-1: SINGLE (Groundball, 4MD, EV 99.4 MPH)
Pitching: RHP Jose Santos
Batting: RHB Etsuro Hosokawa 0-0: Ball
Randy Boone is caught stealing 2nd base 2-4
Bottom of the 7th over - 0 runs, 1 hit, 0 errors, 0 left on base; Danville 8 - Bristol 3
TOP OF THE 8TH
Danville Braves batting - Pitching for Bristol Pirates : RHP Hugo Rodriguez
Batting: RHB Zach Hulme 0-0: Ball
1-0: Ball
2-0: Called Strike
2-1: Ball
3-1: Base on Balls
Batting: SHB Jordan Barragan 0-0: Ball
1-0: Swinging Strike
1-1: Ball
2-1: Ball
3-1: Base on Balls
Zach Hulme to second
Batting: RHB Armando Moz 0-0: Fly out, F9 (Flyball, 9D, EV 105.0 MPH)
Runner from 2nd tags up, SAFE at 3rd, no throw by RF
Batting: SHB Ian Arlotta 0-0: Ball
Jordan Barragan steals 2nd base (no throw)
1-0: Ball
2-0: Foul Ball, location: 2F
2-1: Swinging Strike
2-2: Fly out, F8 (Flyball, 8LD, EV 93.8 MPH)
Batting: RHB Adonis Jenifer 0-0: Ball
1-0: Foul Ball, location: 2F
1-1: Ball
2-1: Called Strike
2-2: Foul Ball, location: 2F
2-2: Ball
3-2: Base on Balls
Batting: LHB Erik Gretzky 0-0: Ball
1-0: Foul Ball, location: 2F
1-1: Foul Ball, location: 2F
1-2: Fly out, F5 (Popup, 15, EV 80.0 MPH)
Top of the 8th over - 0 runs, 0 hits, 0 errors, 3 left on base; Danville 8 - Bristol 3
BOTTOM OF THE 8TH
Bristol Pirates batting - Pitching for Danville Braves : RHP Jose Santos
Batting: RHB Etsuro Hosokawa 0-0: Ball
1-0: Fly out, F8 (Flyball, 8RM, EV 89.4 MPH)
Batting: LHB Ruben Garza 0-0: Swinging Strike
0-1: Swinging Strike
0-2: Ball
1-2: Ball
2-2: Strikes out swinging
Batting: LHB Joe Wise 0-0: Foul Ball, location: 2F
0-1: Called Strike
0-2: Ball
1-2: Foul Ball, location: 2F
1-2: Strikes out looking
Bottom of the 8th over - 0 runs, 0 hits, 0 errors, 0 left on base; Danville 8 - Bristol 3
TOP OF THE 9TH
Danville Braves batting - Pitching for Bristol Pirates : RHP Hugo Rodriguez
Batting: LHB Oke Monti 0-0: Called Strike
0-1: Foul Ball, location: 2F
0-2: Strikes out swinging
Pitching: LHP Phil DeCamp
Batting: RHB Hisayuki Akiyama 0-0: Foul Ball, location: 2F
0-1: Foul Ball, location: 2F
0-2: Ball
1-2: Ball
2-2: Fly out, F8 (Flyball, 78M, EV 95.0 MPH)
Batting: LHB Alexis Cantu 0-0: Ball
1-0: Swinging Strike
1-1: Ball
2-1: Fly out, F8 (Flyball, 8LXD, EV 108.8 MPH)
Top of the 9th over - 0 runs, 0 hits, 0 errors, 0 left on base; Danville 8 - Bristol 3
BOTTOM OF THE 9TH
Bristol Pirates batting - Pitching for Danville Braves : RHP Jose Santos
Batting: RHB Pete Hutton 0-0: Ball
1-0: Ground out U3 (Groundball, 34S, EV 68.8 MPH)
Batting: RHB Andrew DeRicco 0-0: Ball
1-0: Ground out 5-3 (Groundball, 56S, EV 85.0 MPH)
Batting: RHB Gilberto Victoria 0-0: Hit by Pitch
Batting: RHB Perry Dominey 0-0: Ball
1-0: Called Strike
1-1: Called Strike
1-2: Ball
2-2: Strikes out swinging
Bottom of the 9th over - 0 runs, 0 hits, 0 errors, 1 left on base; Danville 8 - Bristol 3
Thursday, March 31st , 2022 - OOTP Baseball 22.12 Build 89